 Dungeon Crawl Stone Soup version 0.23.1 (webtiles) character file.

Game seed: 5471923492331591226

16435 XSreality the Thaumaturge (level 12, -6/51 HPs)
             Began as a Spriggan Venom Mage on Mar 1, 2019.
             Was a Priest of Kikubaaqudgha.
             Splashed by an oklob plant's acid (13 damage)
             ... on level 3 of the Lair of Beasts.
             The game lasted 02:22:59 (20199 turns).

XSreality the Thaumaturge (Spriggan Venom Mage)    Turns: 20199, Time: 02:23:01

Health: -6/51      AC:  6    Str:  4    XL:     12   Next: 10%
Magic:  44/52      EV: 18    Int: 21    God:    Kikubaaqudgha [***...]
Gold:   823        SH:  0    Dex: 17    Spells: 2/33 levels left

rFire    . . .     SeeInvis +   L - staff of power
rCold    . . .     Gourm    .   (shield currently unavailable)
rNeg     . . .     Faith    .   F - +1 robe
rPois    .         Spirit   .   (helmet restricted)
rElec    .         Reflect  .   b - +0 cloak
rCorr    .         Harm     .   (gloves unavailable)
MR       ++...                  (boots unavailable)
Stlth    ++........             g - amulet of magic regeneration
HPRegen  0.17/turn              l - +2 ring of protection
MPRegen  0.58/turn              k - ring of magical power

@: very quick
A: very small, unfitting armour, see invisible, herbivore, speed 3, slow
metabolism 2
a: Receive Corpses, Renounce Religion


You were on level 3 of the Lair of Beasts.
You worshipped Kikubaaqudgha.
Kikubaaqudgha was most pleased with you.
You were very hungry.

You visited 3 branches of the dungeon, and saw 13 of its levels.
You also visited: Sewer.

You collected 1063 gold pieces.
You spent 240 gold pieces at shops.

Inventory:

Hand Weapons
 m - a +2 hunting sling of velocity
 C - a +0 dagger of venom
Missiles
 i - 64 sling bullets
Armour
 b - a +0 cloak (worn)
 F - a +1 robe (worn)
Magical Staves
 L - an uncursed staff of power (weapon)
 M - an uncursed staff of air
Jewellery
 g - an amulet of magic regeneration (around neck)
 k - a ring of magical power (right hand)
 l - a +2 ring of protection (left hand)
 A - a +1 ring of evasion
 H - an uncursed ring of positive energy {unknown}
 J - a +3 ring of evasion
Wands
 n - a wand of paralysis (9)
 s - a wand of acid (5)
 B - a wand of flame (8)
 D - a wand of polymorph (15)
 K - a wand of iceblast (9)
Scrolls
 a - 2 scrolls of magic mapping {unknown}
 e - 2 scrolls of fog {unknown}
 f - 2 scrolls of teleportation
 h - 9 scrolls of identify
 j - 6 scrolls of remove curse
 o - 2 scrolls of fear {unknown}
 r - 4 scrolls of blinking
 w - 2 scrolls of enchant weapon
 x - 2 scrolls of immolation
 y - 4 scrolls of enchant armour
 E - a scroll of silence {unknown}
 I - 2 scrolls of amnesia {unknown}
Potions
 d - 6 potions of heal wounds
 p - a potion of agility {unknown}
 q - 4 potions of flight
 t - 4 potions of curing
 u - 6 potions of ambrosia
 v - 2 potions of brilliance {unknown}
 z - 2 potions of degeneration {unknown}
 G - a potion of lignification {unknown}
 N - a potion of might {unknown}
Comestibles
 c - 12 rations


   Skills:
 - Level 5.9 Slings
 - Level 3.0 Dodging
 - Level 3.0 Stealth
 + Level 11.4 Spellcasting
 + Level 6.6 Conjurations
 + Level 6.9 Necromancy
 + Level 3.4 Ice Magic
 - Level 6.0 Air Magic
 - Level 10.0 Poison Magic


You had 2 spell levels left.
You knew the following spells:

 Your Spells              Type           Power        Failure   Level  Hunger
a - Sting                 Conj/Pois      ####         1%          1    None
b - Poisonous Vapours     Pois/Air       #####.       1%          2    None
c - Mephitic Cloud        Conj/Pois/Air  #####...     1%          3    None
d - Venom Bolt            Conj/Pois      #####.....   4%          5    ####...
e - Pain                  Necr           ####         1%          1    None
f - Vampiric Draining     Necr           #####.....   1%          3    None
g - Sublimation of Blood  Necr           #####.....   1%          2    None
h - Simulacrum            Ice/Necr       ####......   71%         6    ######.
i - Death Channel         Necr           #####.....   45%         6    ######.
j - Throw Flame           Conj/Fire      ####..       2%          2    None

Your spell library contained the following spells:

 Spells                   Type           Power        Failure   Level  Hunger
 Corpse Rot               Necr           N/A          1%          2    None
 Corona                   Hex            ##.....      5%          1    None
 Slow                     Hex            ##......     9%          2    None
 Olgreb's Toxic Radiance  Pois           ######..     1%          4    #......
 Ignite Poison            Fire/Tmut/Pois ####....     4%          3    None
 Agony                    Necr           #####...     9%          5    ####...
 Dispel Undead            Necr           #####...     9%          5    ####...
 Inner Flame              Hex/Fire       ##......     17%         3    None
 Portal Projectile        Hex/Tloc       ##....       17%         3    None
 Borgnjor's Vile Clutch   Necr/Erth      ####......   36%         5    ####...
 Cause Fear               Hex            ##........   50%         4    #......
 Leda's Liquefaction      Hex/Erth       ##........   50%         4    #......


Dungeon Overview and Level Annotations

Branches:
Dungeon (9/15)             Temple (1/1) D:6            Lair (3/6) D:9
    Orc (0/2) D:9
  Swamp: Lair:2-4    Shoals: Lair:2-4     Snake: Lair:2-4    Spider: Lair:2-4

Altars:
Cheibriados
Elyvilon
Fedhas
Gozag
Hepliaklqana
Kikubaaqudgha
Makhleb
Okawaru
Qazlal
Ru
Trog
Uskayaw
Wu Jian
Xom
Yredelemnul
The Shining One

Shops:
D:9 *}=:

Annotations:
Lair:3 exclusion: oklob plant


Innate Abilities, Weirdness & Mutations

You are very small and have problems with some larger weapons.
You are too small for most types of armour.
You have supernaturally acute eyesight. (SInv)
You are a herbivore.
You cover ground extremely quickly.
You need to consume almost no food.


Message History

Casting: Throw Flame (safe; 2% risk of failure)
Confirm with . or Enter, or press ? or * to list all spells.
Aiming: Throw Flame (safe; 2% risk of failure)
Press: ? - help, Shift-Dir - straight line, f/p - oklob plant
Aim: an oklob plant (moderately damaged)
The puff of flame hits the oklob plant.
The oklob plant is moderately damaged.
Casting: Throw Flame (safe; 2% risk of failure)
Confirm with . or Enter, or press ? or * to list all spells.
Aiming: Throw Flame (safe; 2% risk of failure)
Press: ? - help, Shift-Dir - straight line, f/p - oklob plant
Aim: an oklob plant (moderately damaged)
The puff of flame hits the oklob plant but does no damage.
The oklob plant is moderately damaged.
The oklob plant spits acid at you. The splash of acid hits you!
* * * LOW HITPOINT WARNING * * *
You are splashed with acid!
You die...
Kikubaaqudgha rasps: "You have failed me!
Welcome... death!"

## #.........### ###.
####..........# ##
#.............## #
##.............# #
##.###.......## ###
######......#
##.####}(P##......##
#..#.##)[)##......P#
##...#..%.@##.....###
#...#########.....#
#..## ##.#....##
#######.## #........#
.##..#..# ##....####
........# ###..#
..#....P# #.##
####.#...... #.#
####...... ###


You could see an oklob plant.

Vanquished Creatures
  A hydra (Lair:1)
  A two-headed ogre (D:9)
  A centaur zombie (D:6)
  A black mamba (Lair:3)
  Joseph (D:9)
  An elephant (D:9)
  2 spiny frogs
  4 komodo dragons
  12 trolls
  A hippogriff (D:9)
  19 yaks
  2 basilisks
  3 wargs
  A water moccasin (D:8)
  6 porcupines
  2 sky beasts
  3 ice beasts
  A phantom (D:5)
  5 orc warriors
  A black bear (D:6)
  6 ogres
  10 wolves
  6 centaurs
  4 crocodiles
  Blork the orc (D:5)
  2 big kobolds
  8 bullfrogs
  4 scorpions
  5 killer bees (D:8)
  A wight (D:6)
  2 electric eels (D:9)
  A howler monkey (D:5)
  4 crimson imps (D:6)
  3 quasits
  4 hounds
  5 jellies
  6 orc priests
  A bullfrog skeleton (D:7)
  Terence (D:3)
  An iguana (D:7)
  6 orc wizards
  4 worker ants
  A hound zombie (D:5)
  A hound skeleton (D:6)
  A worker ant zombie (D:2)
  4 gnolls
  14 adders
  3 river rats
  5 worms
  2 adder skeletons
  An adder zombie (D:6)
  4 dart slugs
  12 leopard geckos
  47 orcs
  7 bats
  5 giant cockroaches
  11 goblins
  11 hobgoblins
  9 jackals
  16 kobolds
  6 quokkas
  A ball python (D:5)
  4 frilled lizards
  A jackal skeleton (D:4)
  A jackal zombie (D:2)
  11 rats
  A fungus (Lair:1)
  A plant (Lair:3)
333 creatures vanquished.

Vanquished Creatures (others)
  An electric eel (D:9)
  An orc (D:8)
  A fungus (Lair:1)
3 creatures vanquished.

Grand Total: 336 creatures vanquished

Notes
Turn   | Place    | Note
-------+----------+-------------------------------------------
     0 | D:1      | XSreality the Spriggan Venom Mage began the quest for the
                  | Orb.
     0 | D:1      | Reached XP level 1. HP: 9/9 MP: 5/5
   176 | D:1      | Reached skill level 3 in Spellcasting
   194 | D:1      | Reached skill level 1 in Conjurations
   217 | D:1      | Reached XP level 2. HP: 12/13 MP: 1/7
   283 | D:1      | Learned a level 2 spell: Poisonous Vapours
   753 | D:1      | Reached XP level 3. HP: 16/16 MP: 6/8
  1388 | D:2      | Reached skill level 1 in Air Magic
  1575 | D:2      | Learned a level 3 spell: Mephitic Cloud
  1646 | D:2      | Noticed an orc warrior
  1696 | D:2      | Killed an orc warrior
  1696 | D:2      | Reached skill level 1 in Slings
  1696 | D:2      | Reached skill level 4 in Spellcasting
  1696 | D:2      | Reached XP level 4. HP: 21/21 MP: 8/11
  1696 | D:2      | Reached XP level 5. HP: 24/24 MP: 8/12
  2009 | D:2      | Learned a level 5 spell: Venom Bolt
  2016 | D:2      | Found a basalt altar of Yredelemnul.
  2244 | D:2      | Reached skill level 5 in Spellcasting
  2830 | D:3      | Reached XP level 6. HP: 28/28 MP: 7/14
  3144 | D:3      | Noticed Terence
  3160 | D:3      | Killed Terence
  3682 | D:4      | Found a glowing drain.
  3696 | Sewer    | Entered a sewer
  3772 | Sewer    | Reached skill level 6 in Spellcasting
  3813 | Sewer    | Found a white marble altar of Elyvilon.
  3958 | D:4      | Reached XP level 7. HP: 29/32 MP: 13/17
  4573 | D:4      | Identified the Reference Book on Blistering Contamination
  4761 | D:5      | Entered Level 5 of the Dungeon
  4761 | D:5      | Noticed Blork the orc
  5019 | D:5      | Killed Blork the orc
  5019 | D:5      | Reached skill level 7 in Spellcasting
  5019 | D:5      | Reached skill level 5 in Poison Magic
  5281 | D:5      | Reached XP level 8. HP: 36/36 MP: 18/20
  5810 | D:5      | Reached skill level 8 in Spellcasting
  6168 | D:5      | Reached skill level 5 in Slings
  6202 | D:6      | Found a staircase to the Ecumenical Temple.
  6231 | Temple   | Entered the Ecumenical Temple
  6245 | Temple   | Became a worshipper of Kikubaaqudgha
  6650 | D:6      | Reached XP level 9. HP: 33/39 MP: 22/22
  7130 | D:6      | Found an iron altar of Okawaru.
  7149 | D:6      | Reached skill level 5 in Air Magic
  7975 | D:6      | Noticed a troll
  8094 | D:6      | Killed a troll
  8471 | D:6      | Reached skill level 5 in Conjurations
  9101 | D:7      | Reached * piety under Kikubaaqudgha
  9101 | D:7      | Identified Kikubaaqudgha's Compendium of Stolen Souls
                  | (Kikubaaqudgha gifted it to you on level 7 of the Dungeon)
  9101 | D:7      | Received a gift from Kikubaaqudgha
  9114 | D:7      | Learned a level 1 spell: Pain
  9118 | D:7      | Learned a level 3 spell: Vampiric Draining
  9622 | D:7      | Reached XP level 10. HP: 44/44 MP: 20/23
  9993 | D:7      | Reached skill level 1 in Necromancy
 11054 | D:8      | Reached ** piety under Kikubaaqudgha
 11601 | D:8      | Found a bloodstained altar of Trog.
 11602 | D:8      | Found an opulent altar of Gozag.
 11602 | D:8      | Found an iron altar of Okawaru.
 11813 | D:8      | Found a sacrificial altar of Ru.
 11813 | D:8      | Found a blossoming altar of Fedhas.
 12556 | D:9      | Learned a level 2 spell: Sublimation of Blood
 12578 | D:9      | Noticed Joseph
 12606 | D:9      | Killed Joseph
 12634 | D:9      | Found Iwimoxil's Jewellery Shop.
 12658 | D:9      | Bought an uncursed ring of magical power for 240 gold
                  | pieces
 12681 | D:9      | Noticed a two-headed ogre
 12721 | D:9      | Killed a two-headed ogre
 12721 | D:9      | Reached skill level 9 in Spellcasting
 12730 | D:9      | Found Urphavve's Gadget Shoppe.
 13499 | D:9      | Reached XP level 11. HP: 40/47 MP: 19/25
 13587 | D:9      | Reached skill level 5 in Necromancy
 13700 | D:9      | Reached skill level 10 in Spellcasting
 13800 | D:9      | Noticed a death yak
 14020 | D:9      | Found Relomp's Assorted Antiques.
 14048 | D:9      | Found a staircase to the Lair.
 14288 | D:9      | Reached *** piety under Kikubaaqudgha
 14288 | D:9      | Identified Kikubaaqudgha's Handbook of Evil (Kikubaaqudgha
                  | gifted it to you on level 9 of the Dungeon)
 14288 | D:9      | Received a gift from Kikubaaqudgha
 14297 | D:9      | Learned a level 6 spell: Simulacrum
 14810 | D:9      | Found Zezxasum's Book Shoppe.
 14827 | D:9      | Learned a level 6 spell: Death Channel
 14930 | D:9      | Found a staircase to the Orcish Mines.
 15484 | Lair:1   | Entered Level 1 of the Lair of Beasts
 15553 | Lair:1   | Reached skill level 1 in Ice Magic
 15877 | Lair:1   | Reached skill level 10 in Poison Magic
 15889 | Lair:1   | Noticed a four-headed hydra
 16042 | Lair:1   | HP: 2/47 [black mamba (7)]
 16909 | Lair:1   | Learned a level 2 spell: Throw Flame
 17004 | Lair:1   | Killed a four-headed hydra
 17004 | Lair:1   | Reached skill level 11 in Spellcasting
 17444 | Lair:2   | Found a white marble altar of Elyvilon.
 19213 | Lair:3   | Reached XP level 12. HP: 34/51 MP: 28/28
 20199 | Lair:3   | Splashed by an oklob plant's acid

Skill      XL: |  1  2  3  4  5  6  7  8  9 10 11 |
---------------+----------------------------------+-----
Spellcasting   | 3 4 5 6 7 8 9 11 | 11.4
Conjurations   | 1 3 5 6 |  6.6
Air Magic      | 1 2 3 4 5 6 |  6.0
Slings         | 1 2 3 4 5 |  5.9
Poison Magic   | 4 5 6 7 9 10 | 10.0
Necromancy     | 4 6 |  6.9
Ice Magic      | 3 |  3.4
Dodging        | |  3.0
Stealth        | |  3.0

Action                   |  1- 3 |  4- 6 |  7- 9 | 10-12 || total
-------------------------+-------+-------+-------+-------++-------
Melee: Dagger            |    25 |       |   151 |    69 ||   245
       Whip              |     1 |       |     9 |       ||    10
       Staff             |       |       |       |   189 ||   189
 Fire: Hunting sling     |    34 |    79 |   134 |       ||   247
 Cast: Sting             |    57 |   113 |   143 |   349 ||   662
       Poisonous Vapours |     2 |    16 |   116 |   250 ||   384
       Mephitic Cloud    |     2 |     7 |    11 |    52 ||    72
       Pain              |       |       |    16 |    22 ||    38
       Venom Bolt        |       |       |       |    37 ||    37
       Throw Flame       |       |       |       |    31 ||    31
Evoke: Wand              |       |       |     5 |     1 ||     6
  Use: Scroll            |       |     1 |     3 |     9 ||    13
       Potion            |       |       |       |     3 ||     3
 Stab: Sleeping          |     2 |       |       |       ||     2
       Confused          |       |       |       |     1 ||     1
  Eat: Ration            |       |       |     3 |     8 ||    11
Armor: Robe              |     6 |    16 |    42 |    70 ||   134
Dodge: Dodged            |    41 |    77 |   242 |   313 ||   673
